 Dungeon Crawl Stone Soup version 0.30-a0-782-ge64f9170bb (webtiles) character file.

Game seed: 17506548854393449353

31 Leeroy the Insei (level 3, -1/23 HPs)
             Began as an Octopode Transmuter on Feb 22, 2023.
             Slain by a gnoll
             ... wielding a +0 club
              (4 damage)
             ... on level 1 of the Dungeon.
             The game lasted 00:01:35 (603 turns).

Leeroy the Insei (Octopode Transmuter)               Turns: 603, Time: 00:01:35

Health: -1/23      AC:  1    Str:  9    XL:     3   Next: 22%
Magic:  6/6        EV: 13    Int: 17    God:
Gold:   48         SH:  0    Dex: 12    Spells: 2/6 levels left

rFire   . . .      SeeInvis .      - Unarmed
rCold   . . .      Faith    .    (no shield)
rNeg    . . .      Spirit   .    (helmet restricted)
rPois   .          Reflect  .    (no amulet)
rElec   .          Harm     .    (no ring)
rCorr   .          Rampage  .    (no ring)
Will    .....                    (no ring)
Stlth   ++                       (no ring)
HPRegen 0.23/turn                (no ring)
MPRegen 0.10/turn                (no ring)
                                 (no ring)
                                 (no ring)

@: no status effects
A: almost no armour, amphibious, 8 rings, camouflage 1, gelatinous body 1,
(nimble swimmer 1), tentacles
a: no special abilities


You were on level 1 of the Dungeon.
You visited 1 branch of the dungeon, and saw 2 of its levels.

You collected 48 gold pieces.

Inventory:

Scrolls
 b - a scroll of blinking {unknown}
 c - 2 scrolls of teleportation {unknown}
 d - a scroll of identify {unknown}
 e - 2 scrolls of magic mapping {unknown}
 f - a scroll of enchant weapon {unknown}
 i - 2 scrolls of fog {unknown}
 j - a scroll of amnesia {unknown}
Potions
 a - a potion of lignification
 g - a potion of mutation {unknown}
 h - a potion of degeneration {unknown}
 k - a potion of curing {unknown}
 l - a potion of might {unknown}


   Skills:
 - Level 1.0 Fighting
 - Level 2.0 Dodging
 + Level 4.2 Unarmed Combat
 - Level 2.0 Spellcasting
 - Level 2.0 Transmutations


You had 2 spell levels left.
You knew the following spells:

 Your Spells              Type           Power      Damage    Failure   Level
a - Beastly Appendage     Tmut           16%        N/A       9%          1
b - Spider Form           Tmut/Pois      5%         N/A       36%         3

Your spell library contained the following spells:

 Spells                   Type           Power      Damage    Failure   Level
 Wereblood                Tmut           8%         N/A       13%         2
 Ice Form                 Ice/Tmut       5%         N/A       77%         4


Dungeon Overview and Level Annotations

Branches:
Dungeon (2/15)

Altars:

Shops:
D:1 *

Annotations:
D:2 Terence


Innate Abilities, Weirdness & Mutations

You cannot wear most types of armour.
You are amphibious.
You can wear up to eight rings at the same time.
Your skin changes colour to match your surroundings (Stealth+).
Your rubbery body absorbs attacks. (AC +1, EV +1)
((You are camouflaged when in or above water. (Stealth+)))
You have tentacles for arms and can constrict up to eight enemies at once.


Message History

Okay, then.
You aren't carrying any wearable armour.
Unknown command.
You aren't carrying any pieces of jewellery.
There is a stone staircase leading down here.
You climb downwards.
The endoplasm quivers.
Found 2 scrolls labelled IKLALU MOVU and a scroll labelled UMEBOX IZITZ.
There is a stone staircase leading up here.
There are monsters nearby!
There are monsters nearby!
A worm comes into view.
Terence the Incautious comes into view.
He is wielding a +0 mace and carrying a wand of flame (16).
The gnoll shouts!
The gnoll shouts!
The gnoll hits you with a +0 spear!
The gnoll hits you from afar with a +0 spear.
The endoplasm freezes you.
You are frozen.
There is a stone staircase leading up here.
The gnoll hits you from afar with a +0 spear.
* * * LOW HITPOINT WARNING * * *
The gnoll closely misses you. The endoplasm freezes you.
You are frozen.
* * * LOW HITPOINT WARNING * * *
You climb upwards.
There is a stone staircase leading down here.
You are too injured to fight recklessly!
You tentacle-slap the gnoll. You grab the gnoll. Your squeeze misses the gnoll.
The gnoll is lightly wounded.
You constrict the gnoll, but do no damage.
The gnoll barely misses you. The endoplasm barely misses you.
You tentacle-slap the gnoll.
The gnoll is moderately wounded.
You constrict the gnoll, but do no damage.
You tentacle-slap the gnoll.
The gnoll is severely wounded.
You constrict the gnoll. The gnoll hits you with a +0 club.
You die...

####.####.....##........#
##
#......####...##........#
#
#.............##........#
#
#..........##.[.####'####
#
#8........÷####.####'###
# .†.....###.##
#........# #
>∩.8........# ##.......#
#
#.##........####.J.....#
#
#8##...........g@......#
###
............####.......#
#..
####........####.......#
##'# #
#...........#.......#
#...
####...........#.......#
#.<.
...#...........#.......#
#...
...#...........#########
##+# ...#...........# #..
...#####.......# ###


You could see a gnoll and an endoplasm.

Vanquished Creatures
  2 dart slugs (D:1)
  An endoplasm (D:1)
  2 giant cockroaches (D:1)
  2 goblins (D:1)
  A hobgoblin (D:1)
  A quokka (D:1)
  9 ball pythons (D:1)
  3 bats (D:1)
  A frilled lizard (D:1)
  A kobold (D:1)
  2 rats (D:1)
25 creatures vanquished.

Notes
Turn   | Place    | Note
-------+----------+-------------------------------------------
     0 | D:1      | Leeroy the Octopode Transmuter began the quest for the Orb.
     0 | D:1      | Reached XP level 1. HP: 13/13 MP: 3/3
   134 | D:1      | Reached XP level 2. HP: 12/18 MP: 5/5
   236 | D:1      | Reached skill level 4 in Unarmed Combat
   352 | D:1      | Reached XP level 3. HP: 23/23 MP: 6/6
   419 | D:1      | Found Huwnam's General Store.
   574 | D:1      | Learned a level 3 spell: Spider Form
   594 | D:2      | Noticed Terence
   603 | D:1      | Slain by a gnoll

Illustrated notes

Levels and vault maps discovered:
D:1:      dpeg_arrival_tiny_f, layout_basic, serial_shops,
          nicolae_shop_statue_plus
D:2:      minmay_roachtagon, layout_basic, uniq_terence

Skill      XL: |  1  2 |
---------------+-------+-----
Unarmed Combat | 4 |  4.2
Fighting       | |  1.0
Dodging        | |  2.0
Spellcasting   | |  2.0
Transmutations | |  2.0

Action                     || total
---------------------------++-------
  Melee: Unarmed           ||    54
         Constrict         ||    13
         Tentacles         ||    10
         Kick              ||     3
         Punch             ||     2
   Cast: Beastly Appendage ||     3
   Stab: Sleeping          ||     5
 Armour: Skin              ||     6
  Dodge: Dodged            ||    35

Table legend: (Time is in decaauts)
 A = Elapsed time spent in this place.
 B = Non-inter-level travel time spent in this place.
 C = Inter-level travel time spent in this place.
 D = Time resting spent in this place.
 E = Time spent auto-exploring this place.
 F = Levels seen in this place.
 G = Mean time per level.
                   A        B        C        D        E       F      G
               +--------+--------+--------+--------+--------+-----+--------+
         Total |    599 |    582 |     17 |      0 |    417 |   2 |  299.5 |
       Dungeon |    599 |    582 |     17 |      0 |    417 |   2 |  299.5 |
               +--------+--------+--------+--------+--------+-----+--------+

Top non-repeatable levels by time:
     D:1: 591 daAuts
     D:2: 7 daAuts
